Map: Acid Plant LE

Players

AudishoTL - Winner!

  • Race: Protoss Protoss
  • League: Platinum
  • Spawn Location: 5:00

Kozzy

  • Race: Protoss Protoss
  • League: Gold
  • Spawn Location: 11:00

VOD

Have the link to the VOD?

Description

Time

  • Played on: April 9, 2018, 9:16 a.m.
  • Length: 5:22
Show
View Real Time Build Order
Export as new Build Order

AudishoTL Protoss - Winner!

Build Orders:  

Get SALT Encoding   

  12  0:00  Probe  
  13  0:13  Pylon  
  13  0:18  Probe  
  14  0:30  Probe  
  15  0:38  Gateway  
  15  0:44  Assimilator  
  15  0:46  Probe (Chrono Boost)  
  16  0:55  Probe (Chrono Boost)  
  17  0:58  Assimilator  
  17  1:07  Probe (Chrono Boost)  
  17  1:19  Probe (Chrono Boost)  
  18  1:26  Cybernetics Core  
  18  1:30  Probe (Chrono Boost), Gateway  
  19  1:39  Probe  
  20  1:52  Probe  
  21  2:00  Pylon  
  21  2:01  Warp Gate (Chrono Boost)  
  21  2:03  Pylon  
  21  2:04  Probe  
  22  2:18  Stalker  
  22  2:21  Stalker  
  26  2:26  Gateway  
  26  2:37  Shield Battery  
  26  2:48  Stalker  
  28  3:00  Stalker  
  30  3:15  Pylon  
  30  3:18  Stalker  
  25  3:59  Stalker x3  
  25  4:00  Pylon  
  31  4:16  Pylon  
  31  4:23  Stalker x2  
  31  4:24  Stalker  
  35  4:56  Stalker x2  
  35  4:57  Stalker  
Show
View Real Time Build Order
Export as new Build Order

Kozzy Protoss 

Build Orders: Cannon Rush 

Get SALT Encoding   

  12  0:01  Probe  
  13  0:13  Probe  
  14  0:22  Pylon  
  14  0:25  Probe  
  15  0:40  Probe, Forge  
  16  0:52  Probe  
  17  1:07  Probe  
  18  1:19  Probe  
  18  1:23  Pylon  
  19  1:26  Pylon  
  19  1:43  Assimilator  
  19  1:44  Photon Cannon  
  19  1:46  Photon Cannon  
  19  1:51  Photon Cannon  
  19  1:59  Pylon  
  19  2:04  Assimilator  
  19  2:08  Probe (Chrono Boost)  
  20  2:18  Probe (Chrono Boost)  
  20  2:20  Photon Cannon  
  21  2:22  Probe (Chrono Boost)  
  22  2:31  Pylon  
  22  2:37  Pylon  
  22  2:49  Photon Cannon  
  22  3:01  Photon Cannon  
  22  3:07  Pylon  
  22  3:08  Pylon  
  22  3:10  Pylon  
  22  3:12  Pylon  
  22  3:14  Pylon  
  22  3:23  Pylon  
  22  3:31  Photon Cannon  
  21  3:43  Gateway  
  21  3:54  Pylon  
  21  4:02  Photon Cannon  
  21  4:06  Probe  
  22  4:15  Photon Cannon  
  22  4:31  Cybernetics Core  
  22  4:41  Photon Cannon  
  22  4:51  Zealot (Chrono Boost)  
Tags
 
Matchup
PvP
Spawn Locations
Cross Positions
Add a new tag
Caveats
  • Supply blocks, unpowered buildings, or Contaminate may cause inaccurate times.
  • Supply counts are checked every 10 seconds.